 Dungeon Crawl Stone Soup version 0.30.0-10-gfe55d96785 (webtiles) character file.

Game seed: 9054300741582014441

252 hikkokomori the Conjurer (level 5, -2/30 HPs)
             Began as a Deep Elf Conjurer on May 16, 2023.
             Slain by an ice beast (6 damage)
             ... on level 5 of the Dungeon.
             The game lasted 00:06:13 (4258 turns).

hikkokomori the Conjurer (Deep Elf Conjurer)        Turns: 4258, Time: 00:06:14

Health: -2/30      AC:  3    Str:  4    XL:     5   Next: 89%
Magic:  6/14       EV: 12    Int: 25    God:
Gold:   245        SH:  0    Dex: 13    Spells: 10/13 levels left

rFire   . . .        (no weapon)
rCold   . . .        (no shield)
rNeg    . . .        a - +0 robe
rPois   .            (no helmet)
rElec   .            h - +0 cloak
rCorr   .            (no gloves)
SInv    .            (no boots)
Will    .....        (no amulet)
Stlth   +++          (no ring)
HPRegen 0.25/turn    (no ring)
MPRegen 0.14/turn

%: no passive effects
@: no status effects
A: no striking features
a: no special abilities


You were on level 5 of the Dungeon.
You visited 2 branches of the dungeon, and saw 5 of its levels.
You also visited: Sewer.

You collected 245 gold pieces.

Inventory:

Armour
 a - a +0 robe (worn)
 h - a +0 cloak (worn)
 u - a +0 pair of boots of stealth
 x - a +0 buckler
Jewellery
 f - an amulet of faith
 j - a ring of protection from cold
 w - a +4 ring of protection
Wands
 v - a wand of iceblast (3)
Scrolls
 d - 4 scrolls of teleportation {unknown}
 e - 5 scrolls of identify {unknown}
 i - a scroll of fear {unknown}
 l - 4 scrolls of enchant armour {unknown}
 o - a scroll of acquirement {unknown}
 p - a scroll of butterflies {unknown}
 q - a scroll of magic mapping {unknown}
Potions
 b - 2 potions of magic
 c - 2 potions of curing
 g - a potion of attraction {unknown}
 k - a potion of brilliance {unknown}
 m - 2 potions of lignification {unknown}
 n - a potion of invisibility {unknown}
 r - 6 potions of flight
 s - 2 potions of mutation
 t - 2 potions of degeneration


   Skills:
 + Level 2.1 Fighting
 - Level 2.4 Dodging
 + Level 4.5 Stealth
 + Level 4.9 Spellcasting
 + Level 5.4 Conjurations


You had 10 spell levels left.
You knew the following spells:

 Your Spells              Type           Power      Damage    Failure   Level
a - Magic Dart            Conj           100%       1d8       1%          1
b - Searing Ray           Conj           66%        2d6       1%          2

Your spell library contained the following spells:

 Spells                   Type           Power      Damage    Failure   Level
 Dazzling Flash           Conj/Hex       38%        N/A       9%          3
 Hailstorm                Conj/Ice       19%        3d6       9%          3
 Fulminant Prism          Conj/Hex       9%         3d7       26%         4
 Iskenderun's Mystic Bla  Conj/Tloc      19%        2d6       26%         4
 Ice Form                 Ice/Tmut       6%         N/A       63%         4
 Simulacrum               Ice/Necr       3%         N/A       100%        6


Dungeon Overview and Level Annotations

Branches:
Dungeon (5/15)             Temple (1/1) D:4           Sewer (visited)

Altars:
Ashenzari
Dithmenos
Hepliaklqana
Kikubaaqudgha
Okawaru
Qazlal
Sif Muna
Wu Jian
Xom
Zin

Shops:
D:2 [

Annotations:
D:4 2 transporters, abessonov's ghost, amateur DrTm


Message History

Found a stone staircase leading down.
An ice beast comes into view.
An ice beast is nearby!
An ice beast is nearby!
Casting: Searing Ray (safe; 1% risk of failure)
Confirm with . or Enter, or press ? or * to list all spells.
Aiming: Searing Ray (safe; 1% risk of failure)
Press: ? - help, Shift-Dir - straight line, f - ice beast
Aim: an ice beast (81% to hit)
The searing ray hits the ice beast.
The ice beast is lightly wounded. (Press . to maintain the ray.)
The searing ray hits the ice beast.
The ice beast is moderately wounded.
The ice beast hits you. The ice beast freezes you!
The searing ray hits the ice beast.
The ice beast is heavily wounded.
The ice beast closely misses you.
The searing ray hits the ice beast!
The ice beast is severely wounded.
You finish channelling your searing ray.
The ice beast completely misses you.
Casting: Searing Ray (safe; 1% risk of failure)
Confirm with . or Enter, or press ? or * to list all spells.
Aiming: Searing Ray (safe; 1% risk of failure)
Press: ? - help, Shift-Dir - straight line, f/p - ice beast
Aim: an ice beast (severely wounded, 81% to hit)
The searing ray hits the ice beast.
The ice beast is almost dead. (Press . to maintain the ray.)
The ice beast barely misses you.
The searing ray hits the ice beast.
The ice beast is almost dead.
The ice beast hits you. The ice beast freezes you!
* * * LOW HITPOINT WARNING * * *
Unknown command.
The searing ray misses the ice beast.
The ice beast hits you.
* * * LOW HITPOINT WARNING * * *
The ice beast freezes you.
You die...

... #.#.. .>...
#.#.# #.#.# #.#.#
#.#.### #.#...#####
#.###.Y@......+
#....####.##### .
#.....Y.#.#####..
#.##.##.#.......# #
#.. #.......#
#.#######.......# ##
........+.......#
...#+#####..........
#..................


You could see an ice beast.

Vanquished Creatures
  A hound (D:4)
  6 gnolls
  4 adders
  4 river rats (Sewer)
  An ufetubus (D:4)
  3 worms
  4 dart slugs
  An orc (D:5)
  13 ball pythons
  6 endoplasms
  6 giant cockroaches
  3 goblins
  3 hobgoblins
  4 jackals
  3 kobolds (D:4)
  3 quokkas
  9 bats
  3 frilled lizards
77 creatures vanquished.

Notes
Turn   | Place    | Note
-------+----------+-------------------------------------------
     0 | D:1      | hikkokomori the Deep Elf Conjurer began the quest for the
                  | Orb.
     0 | D:1      | Reached XP level 1. HP: 10/10 MP: 6/6
   528 | D:1      | Reached XP level 2. HP: 16/16 MP: 4/8
  1023 | D:2      | Found a faded altar of an unknown god.
  1088 | D:2      | Found Vuzaron's Armour Boutique.
  1174 | D:2      | Reached XP level 3. HP: 20/20 MP: 6/10
  1267 | D:2      | Reached skill level 1 in Fighting
  1482 | D:2      | You fall into a shaft and drop 2 floors!
  1644 | D:4      | Noticed an ogre
  1656 | D:4      | Learned a level 2 spell: Searing Ray
  1674 | D:4      | Reached XP level 4. HP: 25/25 MP: 3/11
  1882 | D:4      | Found a staircase to the Ecumenical Temple.
  1914 | D:4      | Found a glowing drain.
  1925 | Sewer    | Entered a sewer
  2089 | Sewer    | Reached skill level 5 in Conjurations
  2301 | Sewer    | Reached XP level 5. HP: 21/30 MP: 6/13
  3097 | Temple   | Entered the Ecumenical Temple
  3369 | D:4      | Found a broken altar of Ashenzari.
  3369 | D:4      | Found an ancient bone altar of Kikubaaqudgha.
  3655 | D:4      | Found a glowing silver altar of Zin.
  3670 | D:4      | Found a transporter.
  3671 | D:4      | Found a transporter.
  3674 | D:4      | Noticed abessonov's ghost (amateur DrTm)
  3681 | D:4      | Identified the +8 giant club of Terogale {speed, rN++
                  | Dex+2}
  3681 | D:4      | Noticed an ogre
  4141 | D:5      | Entered Level 5 of the Dungeon
  4145 | D:5      | Found an iron altar of Okawaru.
  4248 | D:5      | Noticed an ice beast
  4258 | D:5      | Slain by an ice beast

Illustrated notes

Levels and vault maps discovered:
D:1:      eino_arrival_tree_alley, layout_basic, serial_forest,
          infiniplex_forest_end_double, infiniplex_forest_lined_2,
          infiniplex_forest_clump_small, infiniplex_forest_clump_cross,
          infiniplex_forest_lined_room_3, infiniplex_forest_lined_room_,
          infiniplex_forest_lined_corner
D:2:      layout_basic, shapermc_ecumenical_altar_starsandcircs, serial_shops,
          shop
D:4:      layout_layer_cave, zin_statuary, gammafunk_temple_overflow_wave,
          minmay_temple_entry_junction, gammafunk_ghost_smash,
          portal_sewer_entry_d
D:5:      layout_basic, fedhas_ov_isle_minmay, nicolae_overflow_crystal_walls
Temple:   hellmonk_temple_micro_hex

Skill      XL: |  1  2  3  4  5 |
---------------+----------------+-----
Stealth        | 3 4 |  4.5
Fighting       | 1 2 |  2.1
Spellcasting   | 4 |  4.9
Conjurations   | 5 |  5.4
Dodging        | |  2.4

Action                     |  1- 3 |  4- 6 || total
---------------------------+-------+-------++-------
  Melee: Unarmed           |       |     2 ||     2
   Cast: Magic Dart        |    56 |    87 ||   143
         Searing Ray       |     3 |    10 ||    13
    Use: Potion            |       |     2 ||     2
 Armour: Robe              |     1 |     6 ||     7
  Dodge: Dodged            |     4 |    22 ||    26
